 Dungeon Crawl Stone Soup version 0.21.1-1-g345015fe64 (webtiles) character file.

15378 Peloso the Carver (level 12, -70/106 HPs)
             Began as a Minotaur Fighter on July 25, 2018.
             Was a High Priest of Okawaru.
             Annihilated by a titanic slime creature (90 damage)
             ... on level 12 of the Dungeon.
             The game lasted 00:24:52 (8930 turns).

Peloso the Carver (Minotaur Fighter)                Turns: 8930, Time: 00:24:52

Health: -70/106    AC: 20    Str: 29    XL:     12   Next: 0%
Magic:  0/11       EV:  8    Int:  5    God:    Okawaru [*****.]
Gold:   604        SH: 13    Dex: 12    Spells: 11/11 levels left

rFire    + . .     SeeInvis .   l - +8 demon blade "Bloodbane" {slice, *Rage +Rage Stlth-}
rCold    . . .     Gourm    .   c - +0 shield
rNeg     . . .     Faith    .   y - +1 plate armour {rF+}
rPois    .         Spirit   +   O - +1 hat
rElec    .         Reflect  .   E - +0 cloak
rCorr    .         Harm     .   t - +0 pair of gloves
MR       +....     Rnd*Rage +   (no boots)
Stlth    ..........             H - amulet of guardian spirit
HPRegen  0.27/turn              i - +5 ring of strength
MPRegen  0.12/turn              L - ring of protection from magic

@: about to teleport
A: retaliatory headbutt, horns 2
a: Heroism, Finesse, Renounce Religion, Evoke Berserk Rage


You were on level 12 of the Dungeon.
You worshipped Okawaru.
Okawaru was extremely pleased with you.
You were hungry.

You visited 2 branches of the dungeon, and saw 13 of its levels.
You also visited: Ossuary.

You collected 604 gold pieces.

Inventory:

Hand Weapons
 a - a +6 falchion
 l - the +8 demon blade "Bloodbane" (weapon) {slice, *Rage +Rage Stlth-}
   (You acquired it in an ossuary)

   It inflicts extra damage upon your enemies.
   It lets you go berserk.
   It may make you go berserk in combat.
   It makes you less stealthy.
 A - a +3 falchion of slicing
 S - a cursed +2 short sword
Armour
 c - a +0 shield (worn)
 t - a +0 pair of gloves (worn)
 y - a +1 plate armour of fire resistance (worn)
 E - a +0 cloak (worn)
 O - a +1 hat (worn)
Jewellery
 i - a +5 ring of strength (left hand)
 k - an uncursed ring of poison resistance
 r - an uncursed ring of resist corrosion
 H - an amulet of guardian spirit (around neck)
 L - a ring of protection from magic (right hand)
Wands
 g - a wand of digging (15)
 q - a wand of paralysis (13)
 D - a wand of clouds (4)
 F - a wand of random effects (19)
 J - a wand of flame (24)
 P - a wand of scattershot (6)
 Q - a wand of disintegration (13)
 T - a wand of iceblast (13)
Scrolls
 m - 5 scrolls of amnesia
 n - 3 scrolls of remove curse
 p - 4 scrolls of teleportation
 v - 2 scrolls of blinking {unknown}
 w - 2 scrolls of magic mapping
 B - 5 scrolls of identify
 I - a scroll of acquirement
 R - a scroll of silence {unknown}
Potions
 b - 4 potions of curing
 d - 2 potions of might
 e - 3 potions of degeneration
 h - 4 potions of brilliance {unknown}
 j - 5 potions of flight
 o - 2 potions of invisibility
 s - 2 potions of cancellation
 u - 2 potions of resistance {unknown}
 x - a potion of mutation {unknown}
 z - a potion of berserk rage {unknown}
 G - 2 potions of lignification {unknown}
 K - 2 potions of agility {unknown}
 M - 3 potions of heal wounds {unknown}
Books
 C - a book of Geomancy

   Spells                             Type                      Level
   a - Sandblast                      Earth                        1
   b - Passwall                       Transmutation/Earth          2
   c - Stone Arrow                    Conjuration/Earth            3
   d - Petrify                        Transmutation/Earth          4
   e - Lee's Rapid Deconstruction     Earth                        5
 N - a book of Frost

   Spells                             Type                      Level
   a - Freeze                         Ice                          1
   b - Throw Frost                    Conjuration/Ice              2
   c - Ozocubu's Armour               Charms/Ice                   3
   d - Throw Icicle                   Conjuration/Ice              4
   e - Summon Ice Beast               Ice/Summoning                4
Comestibles
 f - 24 rations


   Skills:
 + Level 10.3 Fighting
 + Level 14.2 Long Blades
 + Level 11.7 Armour
 + Level 2.8 Dodging
 + Level 1.2 Stealth
 + Level 10.6 Shields


You had 11 spell levels left.
You didn't know any spells.

Dungeon Overview and Level Annotations

Branches:
Dungeon (12/15)            Temple (1/1) D:6            Lair (0/6) D:11
    Orc: D:9-12

Altars:
Ashenzari
Cheibriados
Dithmenos
Gozag
Hepliaklqana
Kikubaaqudgha
Makhleb
Nemelex Xobeh
Okawaru
Ru
Sif Muna
Trog
Uskayaw
Vehumet
Wu Jian
Xom
Yredelemnul
The Shining One

Shops:
D:9 =   D:11 (

Annotations:
D:12 Urug


Innate Abilities, Weirdness & Mutations

You reflexively headbutt those who attack you in melee.
You have a pair of horns on your head.


Message History

You see here a javelin.
Urug throws a javelin.
You block the javelin.
You see here a javelin.
As you read the scroll of teleportation, it crumbles to dust.
You feel strangely unstable.
You block the titanic slime creature's attack.
A bullfrog comes into view.
The bullfrog gives a loud, deep croak!
The bullfrog hits you but does no damage.
You slash the bullfrog! Your headbutt misses the bullfrog.
The bullfrog is heavily wounded.
The bullfrog hits you but does no damage.
The titanic slime creature hits you!!!
* * * LOW HITPOINT WARNING * * *
Okay, then.
Okay, then.
You feel better. Urug barely misses you. You block the bullfrog's attack.
The titanic slime creature hits you!!!!
Ouch! That really hurt!
You die...

#. ..# .. .# #.#
... #. #.# .D##.
#.# #.#. #.#
###..
#..##.#####%.....
#....DYJ@Fo#
#.#..?#######
#.### #.# #Y# #.#
#†# #<# #))......


You could see a six-headed hydra, Urug, a titanic slime creature, a yak and a
bullfrog.

Vanquished Creatures
  Erolcha (D:11)
  2 two-headed ogres (D:9)
  An unseen horror (D:11)
  2 ugly things (D:11)
  Maurice (D:8)
  Joseph (D:8)
  A komodo dragon (D:11)
  A troll (D:11)
  Grinder (D:3)
  Prince Ribbit (D:6)
  3 hippogriffs
  Sigmund (D:2)
  17 yaks
  4 hogs (D:8)
  2 wyverns
  2 basilisks (D:11)
  A human (D:8)
  Grum (D:8)
  A hungry ghost (D:11)
  Edmund (D:5)
  2 water moccasins
  3 porcupines (D:11)
  4 ice beasts
  3 orc warriors
  3 sky beasts
  3 phantoms
  A black bear (D:11)
  4 wolves (D:8)
  3 ogres
  4 crocodiles
  2 centaurs
  A big kobold (D:9)
  6 bullfrogs
  A wyvern skeleton (D:10)
  9 wights
  6 crimson imps
  3 quasits
  A centaur zombie (D:8)
  7 hounds
  6 jellies
  7 orc priests
  4 bullfrog skeletons
  9 orc wizards
  2 iguanas
  Ijyb (D:3)
  Natasha (thrice) (D:2)
  11 worker ants
  13 mummies
  A howler monkey zombie (D:9)
  3 gnolls (D:2)
  A howler monkey skeleton (D:8)
  9 adders
  An ooze (D:7)
  4 worms
  2 dart slugs (D:2)
  4 leopard geckos
  39 orcs
  A ball python (D:2)
  2 giant cockroaches
  12 goblins
  6 hobgoblins
  13 jackals
  5 quokkas
  5 bats
  7 frilled lizards
  4 gnoll skeletons (Ossuary)
  A goblin zombie (D:4)
  A hobgoblin zombie (D:4)
  15 kobolds
  3 kobold skeletons (Ossuary)
  A leopard gecko skeleton (D:2)
  A leopard gecko zombie (D:6)
  An orc skeleton (Ossuary)
  4 rats
  11 rat skeletons (Ossuary)
  A butterfly (D:6)
325 creatures vanquished.

Vanquished Creatures (others)
  2 two-headed ogres (D:10)
  2 yaks (D:10)
  An ogre (D:10)
  A bullfrog (D:10)
  A wight (D:10)
  2 hounds (D:10)
  A howler monkey skeleton (D:10)
  3 bushes (D:11)
  4 fungi (D:11)
  18 plants (D:11)
35 creatures vanquished.

Grand Total: 360 creatures vanquished

Notes
Turn   | Place    | Note
-------+----------+-------------------------------------------
     0 | D:1      | Peloso the Minotaur Fighter began the quest for the Orb.
     0 | D:1      | Reached XP level 1. HP: 19/19 MP: 0/0
    76 | D:1      | Reached XP level 2. HP: 9/27 MP: 1/1
   593 | D:2      | Reached XP level 3. HP: 27/33 MP: 2/2
   624 | D:2      | Noticed Natasha
   633 | D:2      | Killed Natasha
   633 | D:2      | Reached skill level 3 in Long Blades
   701 | D:2      | Reached XP level 4. HP: 28/40 MP: 3/3
   759 | D:2      | Noticed Natasha
   764 | D:2      | Killed Natasha
   916 | D:2      | Noticed Natasha
   932 | D:2      | Killed Natasha
   932 | D:2      | Reached skill level 4 in Long Blades
  1026 | D:2      | Found a radiant altar of Vehumet.
  1234 | D:2      | Reached XP level 5. HP: 44/46 MP: 4/4
  1276 | D:2      | Reached skill level 1 in Dodging
  1281 | D:2      | Found a sparkling altar of Nemelex Xobeh.
  1464 | D:2      | Noticed Sigmund
  1497 | D:2      | Killed Sigmund
  1497 | D:2      | Reached skill level 5 in Long Blades
  1497 | D:2      | Reached skill level 5 in Armour
  1497 | D:2      | Reached skill level 5 in Shields
  1497 | D:2      | Reached XP level 6. HP: 32/53 MP: 5/5
  1885 | D:3      | Noticed Grinder
  1906 | D:3      | Paralysed by Grinder for 2 turns
  1912 | D:3      | Killed Grinder
  1912 | D:3      | Reached XP level 7. HP: 18/60 MP: 6/6
  2236 | D:3      | Noticed Ijyb
  2254 | D:3      | Killed Ijyb
  2360 | D:3      | Reached skill level 6 in Long Blades
  2711 | D:4      | Found an ornate altar of the Wu Jian Council.
  2731 | D:4      | Found a sand-covered staircase.
  2736 | D:4      | Reached skill level 5 in Fighting
  2739 | Ossuary  | Entered an ossuary
  2999 | Ossuary  | Identified a scroll of acquirement
  3000 | Ossuary  | Found the +8 demon blade "Bloodbane" {slice, *Rage +Rage Stlth-}
  3228 | D:4      | Reached skill level 7 in Long Blades
  3249 | D:4      | Reached XP level 8. HP: 41/69 MP: 7/7
  3671 | D:5      | Entered Level 5 of the Dungeon
  3714 | D:5      | Reached skill level 8 in Long Blades
  3731 | D:5      | Found an ancient bone altar of Kikubaaqudgha.
  3803 | D:5      | Noticed Edmund
  3812 | D:5      | Killed Edmund
  3941 | D:5      | Reached skill level 9 in Long Blades
  4187 | D:6      | Noticed Prince Ribbit
  4194 | D:6      | Killed Prince Ribbit
  4194 | D:6      | Reached XP level 9. HP: 78/78 MP: 8/8
  4267 | D:6      | Found a shimmering altar of Xom.
  4403 | D:6      | Reached skill level 10 in Long Blades
  4510 | D:6      | Found a staircase to the Ecumenical Temple.
  4530 | Temple   | Entered the Ecumenical Temple
  4649 | Temple   | Became a worshipper of Warmaster Okawaru
  5484 | D:7      | Found an iron altar of Okawaru.
  5666 | D:8      | Noticed Maurice
  5667 | D:8      | Paralysed by Maurice for 3 turns
  5675 | D:8      | Killed Maurice
  5675 | D:8      | Reached * piety under Okawaru
  5675 | D:8      | Reached skill level 11 in Long Blades
  5914 | D:8      | Noticed Grum
  5916 | D:8      | Killed Grum
  5929 | D:8      | Reached ** piety under Okawaru
  5929 | D:8      | Reached XP level 10. HP: 81/88 MP: 9/9
  5931 | D:8      | Reached skill level 1 in Stealth
  5996 | D:8      | Noticed Joseph
  6004 | D:8      | Killed Joseph
  6004 | D:8      | Reached skill level 12 in Long Blades
  6211 | D:9      | Noticed a two-headed ogre
  6216 | D:9      | Killed a two-headed ogre
  6216 | D:9      | Reached *** piety under Okawaru
  6249 | D:9      | Found Doniso's Jewellery Emporium.
  6355 | D:9      | Noticed a two-headed ogre
  6361 | D:9      | Killed a two-headed ogre
  6361 | D:9      | Reached **** piety under Okawaru
  6622 | D:10     | Entered Level 10 of the Dungeon
  6643 | D:10     | Killed a two-headed ogre
  6646 | D:10     | Killed a two-headed ogre
  6651 | D:10     | Reached skill level 10 in Armour
  6900 | D:10     | Reached XP level 11. HP: 95/95 MP: 10/10
  7153 | D:10     | Found a shimmering altar of Xom.
  7357 | D:11     | Reached skill level 13 in Long Blades
  7787 | D:11     | Noticed a white ugly thing
  7793 | D:11     | Killed a white ugly thing
  7798 | D:11     | Reached ***** piety under Okawaru
  7878 | D:11     | Noticed a green ugly thing
  7879 | D:11     | Noticed Erolcha
  7893 | D:11     | Killed a green ugly thing
  7893 | D:11     | Received a gift from Okawaru
  7899 | D:11     | Reached skill level 10 in Shields
  7920 | D:11     | Killed Erolcha
  7927 | D:11     | Reached skill level 14 in Long Blades
  8191 | D:11     | Found Ytoubif's Weapon Shop.
  8197 | D:11     | Found a staircase to the Lair.
  8261 | D:11     | Reached skill level 10 in Fighting
  8621 | D:11     | Killed an unseen horror
  8876 | D:11     | Reached XP level 12. HP: 106/106 MP: 11/11
  8921 | D:12     | Noticed a six-headed hydra
  8924 | D:12     | Noticed Urug
  8930 | D:12     | Annihilated by a titanic slime creature

Skill      XL: |  1  2  3  4  5  6  7  8  9 10 11 |
---------------+----------------------------------+-----
Shields        | 4 5 6 7 9 10 | 10.6
Fighting       | 4 5 6 8 10 | 10.3
Long Blades    | 3 4 5 7 9 11 12 14 | 14.2
Armour         | 4 5 6 7 8 10 11 | 11.7
Dodging        | 1 2 |  2.8
Stealth        | 1 |  1.2

Action                   |  1- 3 |  4- 6 |  7- 9 | 10-12 || total
-------------------------+-------+-------+-------+-------++-------
Melee: Long sword        |    71 |   110 |   118 |       ||   299
       Headbutt          |     8 |    17 |    57 |    58 ||   140
       Demon blade       |       |       |   168 |   302 ||   470
  Use: Potion            |       |     3 |       |     1 ||     4
       Scroll            |       |       |    15 |     1 ||    16
  Eat: Ration            |       |     1 |     1 |       ||     2
       Chunk             |       |       |    10 |    11 ||    21
Armor: Scale mail        |    22 |    33 |    28 |       ||    83
       Chain mail        |       |       |    19 |       ||    19
       Plate armour      |       |       |    28 |   135 ||   163
Dodge: Dodged            |    28 |    29 |    59 |    64 ||   180
Block: Shield            |    45 |    72 |   120 |   181 ||   418
       Rpst.: Long sword |     9 |     6 |     4 |       ||    19
       Demon blade       |       |       |    10 |    10 ||    20
